 Dungeon Crawl Stone Soup version 0.22-a0-422-g9628fc8 (webtiles) character file.

28 Borgoz the Skirmisher (level 3, 0/23 HPs)
             Began as a Gargoyle Abyssal Knight on May 16, 2018.
             Was a Follower of Lugonu.
             Slain by Natasha (3 damage)
             ... on level 2 of the Dungeon.
             The game lasted 00:01:30 (1156 turns).

Borgoz the Skirmisher (Gargoyle Abyssal Knight)     Turns: 1156, Time: 00:01:31

Health: 0/23       AC:  6    Str: 13 (15) XL:     3   Next: 14%
Magic:  4/4        EV: 11    Int:  9 (12) God:    Lugonu [*.....]
Gold:   80         SH:  0    Dex:  7 (10) Spells: 2/2 levels left

rFire    . . .     SeeInvis .   a - +1 hand axe
rCold    . . .     Gourm    .   (no shield)
rNeg     + . .     Faith    .   b - +0 leather armour
rPois    ∞         Spirit   .   (no helmet)
rElec    +         Reflect  .   (no cloak)
rCorr    .         Harm     .   (no gloves)
MR       .....                  (no boots)
Stlth    +.........             (no amulet)
HPRegen  0.07/turn              (no ring)
MPRegen  0.09/turn              (no ring)

@: no status effects
A: negative energy resistance 1, electricity resistance, unbreathing,
petrification resistance, rot immunity, AC +3
a: Depart the Abyss, Renounce Religion


You were on level 2 of the Dungeon.
You worshipped Lugonu.
Lugonu was aware of your devotion.
You were hungry.

You visited 1 branch of the dungeon, and saw 2 of its levels.
You visited the Abyss 1 time.

You collected 80 gold pieces.

Inventory:

Hand Weapons
 a - a +1 hand axe (weapon)
Armour
 b - a +0 leather armour (worn)
Scrolls
 e - 3 scrolls of identify {unknown}
Potions
 d - a potion of berserk rage {unknown}
 f - a potion of mutation {unknown}
Comestibles
 c - 2 rations


   Skills:
 + Level 3.4 Fighting
 * Level 2.2 Axes
 + Level 2.5 Armour
 * Level 1.4 Dodging
 + Level 2.2 Invocations


You had 2 spell levels left.
You didn't know any spells.
Your spell library was empty.

Dungeon Overview and Level Annotations

Branches:
Dungeon (2/15)

Altars:

Annotations:
D:2 Natasha


Innate Abilities, Weirdness & Mutations

You are resistant to torment.
Your stone body is resilient. (AC +3)
You are immune to poison.
You resist negative energy. (rN+)
You are resistant to electric shocks. (rElec)
You can survive without breathing.
You are immune to petrification.
You are immune to rotting.


Message History

The magic dart hits you!
* * * LOW HITPOINT WARNING * * *
You hit Natasha.
Natasha is almost dead.
Natasha claws you.
* * * LOW HITPOINT WARNING * * *
The crimson imp blinks!
You completely miss Natasha.
Natasha is almost dead.
You hit the crimson imp. Natasha barely misses you.
The crimson imp blinks!
You hit Natasha.
Natasha is almost dead.
Natasha claws you but does no damage.
The crimson imp blinks!
You hit Natasha but do no damage.
Natasha is almost dead.
Natasha barely misses you.
You closely miss Natasha.
Natasha is almost dead.
Natasha closely misses you. Natasha claws you.
You die...

...........#
(....####.## .###.# #.#
## ## ...#.####.# #.##
#.# .#.#......###..# ..#
.#.######..##..###..# .
.#.# ##..##..#..##...
.#.########............#
.#..............@h..##.
....#######.#####5...%..
###.# #># .#####. #.#
#.# .. #.# #.. ... ###.#
### ..## ....# .## ##..#
.. #..#


You could see Natasha and a crimson imp.

Vanquished Creatures
  A worm (D:2)
  3 bats (D:1)
  A giant cockroach (D:1)
  5 hobgoblins (D:1)
  2 frilled lizards (D:1)
  4 goblins
  5 kobolds
  2 rats (D:1)
23 creatures vanquished.

Notes
Turn   | Place    | Note
-------+----------+-------------------------------------------
     0 | Abyss:1  | Borgoz the Gargoyle Abyssal Knight began the quest for the Orb.
     0 | Abyss:1  | Reached XP level 1. HP: 14/14 MP: 2/2
    43 | Abyss:3  | Noticed a worldbinder
    43 | Abyss:3  | Noticed an ice beast
    47 | Abyss:3  | Noticed a naga
    47 | Abyss:3  | Noticed a mana viper
    48 | Abyss:3  | Noticed a mana viper
    48 | D:1      | Escaped the Abyss
   107 | D:1      | Reached * piety under Lugonu
   107 | D:1      | Reached skill level 1 in Dodging
   339 | D:1      | Reached XP level 2. HP: 19/19 MP: 3/3
   805 | D:2      | Reached XP level 3. HP: 5/23 MP: 4/4
  1144 | D:2      | Noticed Natasha
  1156 | D:2      | Slain by Natasha

Vault maps used:
D:1:      lemuel_arrival_hallway
D:2:      gammafunk_temple_overflow_claw, first_ration, uniq_natasha
Abyss:2:  hangedman_abyss_or_decor_stagger
Abyss:3:  evilmike_abyss_rune_siren_acolytes

Skill      XL: |  1 |
---------------+----+-----
Dodging        | 1 |  1.4
Axes           | 2 |  2.2
Fighting       | |  3.4
Armour         | |  2.5
Invocations    | |  2.2

Action                   || total
-------------------------++-------
Melee: Hand axe          ||    92
Invok: Depart the Abyss  ||     1
  Use: Scroll            ||     1
       Potion            ||     1
Armor: Leather armour    ||    32
Dodge: Dodged            ||    61

Table legend:
 A = Spawn XP
 B = Non-spawn XP
 C = Spawn XP percentage of total XP
 D = Spawn monster count
 E = Non-spawn monster count
 F = Spawn count percentage of total count
 G = Total turns spent on level
                    A         B        C        D         E        F      G
               +---------+---------+-------+---------+---------+-------+---------
         Total |       0 |      41 |   0.0 |       0 |      23 |   0.0 |  1156
               +---------+---------+-------+---------+---------+-------+---------
           D:1 |       0 |      32 |   0.0 |       0 |      20 |   0.0 |   730
           D:2 |       0 |       9 |   0.0 |       0 |       3 |   0.0 |   378
               +---------+---------+-------+---------+---------+-------+---------
